 Dungeon Crawl Stone Soup version 0.30.0-10-gfe55d96785 (webtiles) character file.

Game seed: 11176915357449272987

204 hawla the Firebug (level 6, -2/45 HPs)
             Began as a Meteoran Fire Elementalist on May 14, 2023.
             Slain by Duvessa
             ... wielding a +1 short sword of venom
              (11 damage)
             ... on level 4 of the Dungeon.
             The game lasted 00:03:18 (780 turns).

hawla the Firebug (Meteoran Fire Elementalist)       Turns: 780, Time: 00:03:19

Health: -2/45      AC:  2    Str: 10    XL:     6   Next: 31%
Magic:  11/13      EV: 13    Int: 19    God:
Gold:   79         SH:  0    Dex: 14    Spells: 6/13 levels left

rFire   . . .        (no weapon)
rCold   . . .        (no shield)
rNeg    . . .        a - +0 robe
rPois   .            (no helmet)
rElec   .            (no cloak)
rCorr   .            (no gloves)
SInv    .            (no boots)
Will    .....        (no amulet)
Stlth   +            (no ring)
HPRegen 0.27/turn    (no ring)
MPRegen 0.13/turn

%: no passive effects
@: brilliant, lethally poisoned (-2 -> -19), very slightly contaminated, glowing
A: sense surroundings 1, otherworldly, glowing, explore regen
a: no special abilities


You were on level 4 of the Dungeon.
You visited 1 branch of the dungeon, and saw 4 of its levels.

You collected 79 gold pieces.

Inventory:

Armour
 a - a +0 robe (worn)
Scrolls
 c - a scroll of noise {unknown}
 d - a scroll of summoning {unknown}
 e - 2 scrolls of teleportation {unknown}
 f - a scroll of identify {unknown}
 g - a scroll of fog {unknown}
Potions
 i - a potion of lignification {unknown}
 j - a potion of curing {unknown}


   Skills:
 - Level 3.2 Dodging
 - Level 1.4 Stealth
 - Level 4.1 Spellcasting
 + Level 2.6 Conjurations
 - Level 6.0 Fire Magic


You had 6 spell levels left.
You knew the following spells:

 Your Spells              Type           Power      Damage    Failure   Level
a - Foxfire               Conj/Fire      100%       2x1d9     2%          1
b - Scorch                Fire           80%        2d8       1%          2
c - Flame Wave            Conj/Fire      30%        2d9       22%         4

Your spell library contained the following spells:

 Spells                   Type           Power      Damage    Failure   Level
 Inner Flame              Hex/Fire       23%        N/A       12%         3
 Volatile Blastmotes      Fire/Tloc      46%        2d13      12%         3
 Hailstorm                Conj/Ice       13%        3d5       24%         3
 Ice Form                 Ice/Tmut       5%         N/A       80%         4
 Simulacrum               Ice/Necr       2%         N/A       100%        6


Dungeon Overview and Level Annotations

Branches:
Dungeon (4/15) Zot: 1618
 Temple: D:4-7

Altars:

Annotations:
D:3 2 transporters, mnelsen79's ghost, amateur MiHu
D:4 Dowan; Duvessa


Innate Abilities, Weirdness & Mutations

You passively map a small area around you.
You are easily found by Zot.
You glow in the dark.
You regain HP and MP as you explore.


Message History

Duvessa is heavily wounded.
The foxfire hits Duvessa but does no damage.
Duvessa is heavily wounded.
Duvessa hits you with a +1 short sword of venom!
You are poisoned.
Unknown command.
Casting: Flame Wave (quite dangerous; 22% risk of failure)
Confirm with . or Enter, or press ? or * to list all spells.
The spell is quite dangerous to miscast (22% risk of failure)!
Continue anyway?
Casting: Flame Wave (quite dangerous; 22% risk of failure)
Press: ? - help, Dir - look around, f - activate You miscast Flame Wave.
Nothing appears to happen.
You feel very sick.
Duvessa gestures with her weapon.
Duvessa closely misses you.
Dowan says, "Stay away from my face!"
It was a potion of brilliance.
You feel clever all of a sudden.
You feel very sick. Duvessa hits you but does no damage.
You are more poisoned.
Magic courses through your body.
You feel very sick.
Duvessa hits you with a +1 short sword of venom.
You are lethally poisoned!
Dowan gestures at you while chanting. The puff of flame hits you!
Casting: Flame Wave (quite dangerous; 22% risk of failure)
Confirm with . or Enter, or press ? or * to list all spells.
The spell is quite dangerous to miscast (22% risk of failure)!
Continue anyway?
Casting: Flame Wave (quite dangerous; 22% risk of failure)
Press: ? - help, Dir - look around, f - activate You feel a surge of power!
A wave of flame ripples out!
The flame wave engulfs Duvessa.
Duvessa is heavily wounded. (Press . to intensify the flame waves.)
* * * LOW HITPOINT WARNING * * *
You feel very sick.
Duvessa hits you with a +1 short sword of venom!
You die...

, #. , #.# * * *
#######.#
.......##### ,, *
####..$......# , ,
...........#.##.#
, #..,#..........#
,.#...#...e@..###
......8..8.!.~~~~~
###.#8..8~~§§≈≈≈≈~
~ * , ,,
#~..~~≈≈§≈≈≈≈ ~ *
~~~..≈≈≈§≈e~~~ , ~
~~≈≈≈..≈≈~~~~... ~
~≈≈≈≈≈≈..~~~###.#.
~≈≈≈≈~~~..~#... .#
*
~~≈~~~~#8..8#.###
*


You could see Duvessa.

Vanquished Creatures
  Grinder (D:3)
  A worm (D:3)
  2 ball pythons
  2 bats (D:1)
  2 endoplasms (D:2)
  A giant cockroach (D:3)
  2 hobgoblins (D:3)
  A frilled lizard (D:3)
  A rat (D:3)
13 creatures vanquished.

Vanquished Creatures (others)
  52 foxfires
52 creatures vanquished.

Grand Total: 65 creatures vanquished

Notes
Turn   | Place    | Note
-------+----------+-------------------------------------------
     0 | D:1      | hawla the Meteoran Fire Elementalist began the quest for
                  | the Orb.
     0 | D:1      | Reached XP level 1. HP: 14/14 MP: 5/5
   120 | D:2      | Reached XP level 2. HP: 20/20 MP: 3/6
   123 | D:2      | Learned a level 2 spell: Scorch
   165 | D:3      | Reached skill level 4 in Fire Magic
   176 | D:3      | Noticed Grinder
   176 | D:3      | Paralysed by Grinder for 2 turns
   200 | D:3      | Paralysed by Grinder for 2 turns
   203 | D:3      | Killed Grinder
   204 | D:3      | Reached skill level 6 in Fire Magic
   204 | D:3      | Reached XP level 3. HP: 26/26 MP: 0/9
   204 | D:3      | Reached XP level 4. HP: 33/33 MP: 0/11
   204 | D:3      | Reached XP level 5. HP: 38/38 MP: 0/12
   204 | D:3      | Reached XP level 6. HP: 45/45 MP: 0/13
   209 | D:3      | Learned a level 4 spell: Flame Wave
   235 | D:3      | Found a transporter.
   236 | D:3      | Noticed mnelsen79's ghost (amateur MiHu)
   237 | D:3      | Noticed an ogre
   237 | D:3      | Identified the +5 dire flail of Xom, Holding {heavy, rC-
                  | rN+ rCorr Str+7}
   237 | D:3      | Noticed an ogre
   239 | D:3      | Found a transporter.
   762 | D:4      | Noticed Duvessa
   766 | D:4      | Noticed Dowan
   780 | D:4      | Slain by Duvessa

Illustrated notes

Levels and vault maps discovered:
D:1:      dpeg_arrival_arbitrary_a, layout_loops_corners,
          wad_floor_pattern_untrapped, hangedman_decor_points
D:2:      layout_basic, serial_shops, nicolae_lakefront_shop,
          chequers_ecumenical_altar_simple_redux, st_stairs_6
D:3:      layout_basic, gammafunk_ghost_smash, serial_bayou_ford_a, uniq_grinder
D:4:      wander_river, layout_basic, zin_treasury, uniq_menkaure, uniq_pikel,
          uniq_eustachio, uniq_duvessa, uniq_crazy_yiuf_cottage

Skill      XL: |  1  2 |
---------------+-------+-----
Fire Magic     | 6 |  6.0
Dodging        | 3 |  3.2
Spellcasting   | 4 |  4.1
Conjurations   | 2 |  2.6
Stealth        | |  1.4

Action                     |  1- 3 |  4- 6 || total
---------------------------+-------+-------++-------
  Melee: Unarmed           |     5 |     1 ||     6
         Punch             |     1 |       ||     1
   Cast: Foxfire           |    16 |    14 ||    30
         Scorch            |     1 |     2 ||     3
         Flame Wave        |       |     1 ||     1
    Use: Potion            |     1 |     2 ||     3
 Armour: Robe              |     1 |     1 ||     2
  Dodge: Dodged            |     2 |     2 ||     4
